 Dungeon Crawl Stone Soup version 0.16-b1 (webtiles) character file.

435 McCoppin the Archer (level 6, -5/48 HPs)
             Began as a Centaur Hunter on Mar 10, 2015.
             Killed from afar by Ijyb (11 damage)
             ... with a wand of flame
             ... on level 5 of the Dungeon.
             The game lasted 00:26:29 (4123 turns).

McCoppin the Archer (Centaur Hunter)                Turns: 4123, Time: 00:26:29

Health: -5/48      AC:  5    Str: 15    XL:     6   Next: 68%
Magic:  5/5        EV:  9    Int: 10    God:
Gold:   171        SH:  0    Dex: 11    Spells: 0 memorised, 5 levels left

rFire  . . .     SeeInvis +     a - +0 spear
rCold  . . .     Clarity  +     d - +0 leather armour
rNeg   . . .     SustAb   +     (no shield)
rPois  .         Gourm    .     m - +0 helmet (curse)
rElec  .         Spirit   .     (no cloak)
rCorr  .         Warding  .     (no gloves)
rMut   .         Stasis   .     (no barding)
MR     .....                    k - amulet of clarity
Stlth  +.........               w - ring of sustain abilities (curse)
                                t - ring of see invisible

@: very quick, not resistant to hostile enchantments, very unstealthy
A: hooves 3, deformed body, speed 2, tough skin 3, no device heal 1
a: no special abilities


You were on level 5 of the Dungeon.
You were not hungry.

You visited 1 branch of the dungeon, and saw 5 of its levels.

You collected 171 gold pieces.

Inventory:

Hand weapons
 a - a +0 spear (weapon)
 b - a +1 shortbow
 j - a +0 short sword
Missiles
 f - 16 arrows
Armour
 d - a +0 leather armour (worn)
 m - a cursed +0 helmet (worn)
Jewellery
 k - an amulet of clarity (around neck)
 t - a ring of see invisible (left hand)
 v - an uncursed ring of magical power
 w - a cursed ring of sustain abilities (right hand)
Magical devices
 y - a wand of paralysis (10)
Scrolls
 e - 3 scrolls of fog {unknown}
 i - 4 scrolls of recharging {unknown}
 n - 2 scrolls of magic mapping {unknown}
 o - a scroll of immolation {unknown}
 q - 5 scrolls of identify {unknown}
 s - 3 scrolls of enchant weapon {unknown}
 x - a scroll of noise {unknown}
Comestibles
 h - a meat ration
 u - a beef jerky


   Skills:
 + Level 2.2 Fighting
 + Level 0.1 Polearms
 - Level 10.2 Bows
 - Level 1.3 Dodging
 - Level 0.5 Stealth
 - Level 1.0 Unarmed Combat


You had 5 spell levels left.
You didn't know any spells.

Dungeon Overview and Level Annotations

Branches:
Dungeon (5/15)
 Temple: D:4-7

Altars:
Fedhas
Qazlal
Xom

Annotations:
D:5 Ijyb


Innate Abilities, Weirdness & Mutations

You have hooves in place of feet.
Armour fits poorly on your strangely shaped body.
You cover ground very quickly.
You have extremely tough skin (AC +3).
Potions and wands are less effective at restoring your health.


Message History

Ijyb zaps a wand.
The puff of flame hits you! You resist. The worker ant closely misses you.
Drink which item? (? for menu, Esc to quit)
It was a potion of cancellation.
Your magical effects are unravelling.
You feel magically purged.
Your resistance to elements expires.
You feel a little less mighty now. Ijyb hits you but does no damage.
The worker ant bites you.
Drink which item? (? for menu, Esc to quit)
It was a potion of cure mutation.
It has a very clean taste.
You can contain your magic power once more.
Your thinking seems confused.
The worker ant closely misses you.
Ijyb zaps a wand.
The puff of flame hits you!
* * * LOW HITPOINT WARNING * * *
You hit the worker ant.
The worker ant is heavily wounded.
The worker ant closely misses you.
Ijyb zaps a wand.
The puff of flame hits you!
You die...

..#)# #.#.#
#.###.#.###
#....$....#
##.##.###.#
#. #.# #.
#.#
#.##g###.#
#....@aY.#
####.#####
#. .? %..
.... ##...
#... .


You could see Ijyb, an ice beast and a worker ant.

Vanquished Creatures
  Menkaure (D:4)
  A phantom (D:4)
  A hound (D:4)
  2 iron imps (D:3)
  2 worker ants (D:4)
  Natasha (D:3)
  A mummy (D:4)
  5 adders
  3 worms
  An adder skeleton (D:4)
  3 giant geckos
  An ooze (D:2)
  An orc (D:3)
  2 ball pythons
  3 bats
  3 hobgoblins
  4 jackals
  13 kobolds
  2 giant cockroaches
  A giant newt (D:3)
  6 goblins
  9 rats
66 creatures vanquished.

Notes
Turn   | Place    | Note
--------------------------------------------------------------
     0 | D:1      | McCoppin, the Centaur Hunter, began the quest for the Orb.
     0 | D:1      | Reached XP level 1. HP: 17/17 MP: 1/1
   479 | D:1      | Reached XP level 2. HP: 19/24 MP: 2/2
   584 | D:1      | Reached skill level 6 in Bows
   872 | D:2      | Reached XP level 3. HP: 29/29 MP: 3/3
  1137 | D:2      | Reached skill level 7 in Bows
  1502 | D:2      | Reached XP level 4. HP: 36/36 MP: 3/3
  1559 | D:3      | Found a shimmering altar of Xom.
  1652 | D:3      | Found a stormy altar of Qazlal.
  1923 | D:3      | Reached skill level 8 in Bows
  1948 | D:3      | Noticed Natasha
  1979 | D:3      | Gained mutation: You possess an exceptional clarity of mind. [potion of mutation]
  1979 | D:3      | Gained mutation: Potions and wands are less effective at restoring your health. [potion of mutation]
  1979 | D:3      | Gained mutation: You expend magic power (3 MP) to slightly strengthen your wands. [potion of mutation]
  2010 | D:3      | Killed Natasha
  2189 | D:4      | Reached XP level 5. HP: 25/41 MP: 4/4
  2415 | D:4      | Noticed Menkaure
  2425 | D:4      | HP: 1/41 [Menkaure (11)]
  2433 | D:4      | Killed Menkaure
  2433 | D:4      | Reached skill level 9 in Bows
  2433 | D:4      | Reached XP level 6. HP: 1/48 MP: 5/5
  2770 | D:4      | Noticed a phantom
  3035 | D:4      | Killed a phantom
  3035 | D:4      | Reached skill level 10 in Bows
  3256 | D:4      | Found a blossoming altar of Fedhas.
  3600 | D:4      | Reached skill level 1 in Unarmed Combat
  4087 | D:5      | Entered Level 5 of the Dungeon
  4095 | D:5      | Noticed Ijyb
  4097 | D:5      | HP: 1/48 [worker ant (5)]
  4102 | D:5      | HP: 1/48 [poisoned by a worker ant]
  4122 | D:5      | Lost mutation: You expend magic power (3 MP) to slightly strengthen your wands. [potion of cure mutation]
  4122 | D:5      | Lost mutation: You possess an exceptional clarity of mind. [potion of cure mutation]
  4123 | D:5      | Killed from afar by Ijyb

Action                   |  1- 3 |  4- 6 || total
-------------------------+-------+-------++-------
Melee: Short sword       |    22 |       ||    22
       Spear             |    56 |   107 ||   163
       Unarmed           |       |    52 ||    52
 Fire: Shortbow          |    45 |   110 ||   155
  Use: Potion            |       |    14 ||    14
  Eat: Chunk             |     1 |     3 ||     4
       Bread ration      |       |     1 ||     1
